 Dungeon Crawl Stone Soup version 0.21-a0-414-gba8bdf1 (webtiles) character file.

5969 Ijustatesigmund the Cleaver (level 10, -13/91 HPs)
             Began as a Hill Orc Fighter on Nov 2, 2017.
             Was an Elder of Okawaru.
             Mangled by Snorg (19 damage)
             ... on level 10 of the Dungeon.
             The game lasted 00:22:27 (11392 turns).

Ijustatesigmund the Cleaver (Hill Orc Fighter)     Turns: 11392, Time: 00:22:28

Health: -13/91     AC: 12    Str: 30    XL:     10   Next: 84%
Magic:  17/17      EV: 11    Int:  8    God:    Okawaru [****..]
Gold:   181        SH: 11    Dex: 13    Spells: 9/9 levels left

rFire    . . .     SeeInvis .   a - +2 broad axe
rCold    . . .     Gourm    .   c - +0 shield
rNeg     + + .     Faith    .   s - +0 scale mail of Sorcery {-Cast rElec rN+ Str+5}
rPois    .         Spirit   .   (helmet restricted)
rElec    +         Reflect  .   (no cloak)
rCorr    .         Harm     .   E - +1 pair of gloves
MR       .....     NoCast   +   v - +0 pair of boots
Stlth    ..........             (no amulet)
HPRegen  0.25/turn              j - ring of positive energy
MPRegen  0.15/turn              H - +5 ring of strength

@: no status effects
A: antennae 1, repulsion field 1
a: Heroism, Renounce Religion


You were on level 10 of the Dungeon.
You worshipped Okawaru.
Okawaru was greatly pleased with you.
You were hungry.

You visited 2 branches of the dungeon, and saw 11 of its levels.

You collected 403 gold pieces.
You spent 222 gold pieces at shops.

Inventory:

Hand Weapons
 a - a +2 broad axe (weapon)
 B - a +1 flail of protection
Missiles
 n - 6 throwing nets (quivered)
 C - 6 poisoned tomahawks
Armour
 b - a +0 scale mail of cold resistance
 c - a +0 shield (worn)
 h - a +0 large shield
 s - the +0 scale mail of Sorcery (worn) {-Cast rElec rN+ Str+5}
   (You bought it in a shop on level 5 of the Dungeon)

   It affects your strength (+5).
   It insulates you from electricity.
   It protects you from negative energy.
   It prevents spellcasting.
 v - a +0 pair of boots (worn)
 E - a +1 pair of gloves (worn)
Jewellery
 j - a ring of positive energy (left hand)
 q - an uncursed ring of positive energy
 y - an uncursed ring of ice
 H - a +5 ring of strength (right hand)
Wands
 r - a wand of random effects (0/48)
 t - a wand of disintegration (11/24)
 x - a wand of confusion (37/48)
 A - a wand of acid (0/15)
 K - a wand of polymorph (10/24)
Scrolls
 e - 4 scrolls of recharging
 k - 3 scrolls of teleportation
 F - a scroll of magic mapping
 J - 2 scrolls of identify
Potions
 d - a potion of flight
 i - 3 potions of curing
 l - 4 potions of lignification
 m - 2 potions of resistance
 o - a potion of haste
 u - a potion of agility
 w - 3 potions of heal wounds
 z - 2 potions of brilliance
 G - a potion of mutation
 I - a potion of cancellation
Books
 D - a book of Necromancy

   Spells                             Type                      Level
   a - Pain                           Necromancy                   1
   b - Animate Skeleton               Necromancy                   1
   c - Vampiric Draining              Necromancy                   3
   d - Regeneration                   Charms/Necromancy            3
   e - Animate Dead                   Necromancy                   4
   f - Control Undead                 Necromancy                   4
 L - a book of Flames

   Spells                             Type                      Level
   a - Flame Tongue                   Conjuration/Fire             1
   b - Throw Flame                    Conjuration/Fire             2
   c - Conjure Flame                  Conjuration/Fire             3
   d - Inner Flame                    Hexes/Fire                   3
   e - Sticky Flame                   Conjuration/Fire             4
   f - Fireball                       Conjuration/Fire             5
Comestibles
 f - 5 bread rations
 g - 11 royal jellies
 p - 5 meat rations


   Skills:
 + Level 9.5 Fighting
 + Level 11.5 Axes
 - Level 8.3 Armour
 + Level 1.6 Dodging
 + Level 4.2 Shields
 + Level 10.3 Invocations


You had 9 spell levels left.
You didn't know any spells.

Dungeon Overview and Level Annotations

Branches:
Dungeon (10/15)            Temple (1/1) D:4            Lair (0/6) D:9
    Orc (0/2) D:9

Altars:
Ashenzari
Cheibriados
Dithmenos
Elyvilon
Fedhas
Gozag
Hepliaklqana
Kikubaaqudgha
Makhleb
Nemelex Xobeh
Okawaru
Qazlal
Ru
Sif Muna
Trog
Uskayaw
Vehumet
Wu Jian
Xom
Yredelemnul
Zin
The Shining One

Shops:
D:5 [   D:6 !

Annotations:
D:10 Snorg


Innate Abilities, Weirdness & Mutations

You have a pair of small antennae on your head.
You are surrounded by a mild repulsion field. (EV +2)


Message History

Snorg is almost dead.
Snorg bites you! You block Snorg's attack. x2
Snorg bites you but does no damage. Snorg claws you!
Snorg claws you but does no damage.
You closely miss Snorg.
Snorg is almost dead.
Snorg bites you!!
* * * LOW HITPOINT WARNING * * *
Snorg claws you.
* * * LOW HITPOINT WARNING * * *
Snorg claws you!
* * * LOW HITPOINT WARNING * * *
Okay, then.
Evoke which item? (* to show all) (? for menu, Esc to quit)
Aiming: Corrosive Bolt (will waste charges)
Press: ? - help, Shift-Dir - straight line, f - Snorg
Aim: Snorg (almost dead, berserk, fast, unusually strong) Nothing appears to happen.
Snorg barely misses you. You block Snorg's attack. Snorg closely misses you.
Snorg bites you!!
You die...

## ## ###.... #... .##
###.#.#..#
###........#
....#.#..#.####
#............#
##..#.#.#..#.#...
#........@.......
#.#.#..#.#T#..#.# #.
#......#..... ..#
#...##..#.###..#.#.# #
#...#................
#.>.#.#.#..#.#.#..####
#...#.............#
#......#.#.#.### .#
#.#..........#


You could see Snorg (berserk).

Vanquished Creatures
  Pikel (D:6)
  The ghost of dainius the Cutter, a novice MiFi of Okawaru (D:6)
  Joseph (D:9)
  2 hippogriffs
  3 wargs (D:9)
  A water moccasin (D:9)
  2 orc warriors
  A sky beast (D:6)
  An ice beast (D:9)
  2 slaves (D:6)
  4 ogres
  2 phantoms
  5 centaurs
  Blork the orc (D:5)
  8 bullfrogs
  3 scorpions
  5 killer bees (D:9)
  5 wights
  2 crimson imps
  3 hounds (D:9)
  4 jellies (D:9)
  3 orc priests
  3 centaur skeletons
  4 gnoll shamans (D:3)
  2 iguanas
  3 orc wizards
  Natasha (thrice) (D:3)
  6 worker ants
  A hound zombie (D:9)
  A howler monkey zombie (D:9)
  33 gnolls
  12 adders
  5 oozes (D:9)
  2 adder skeletons
  A worm (D:2)
  5 dart slugs
  9 leopard geckos
  10 orcs
  5 giant cockroaches
  12 goblins
  11 hobgoblins
  23 jackals
  2 quokkas
  8 bats
  A frilled lizard (D:2)
  12 kobolds
  A quokka skeleton (D:3)
  A quokka zombie (D:6)
  10 rats
246 creatures vanquished.

Vanquished Creatures (others)
  A plant (D:3)
1 creature vanquished.

Grand Total: 247 creatures vanquished

Notes
Turn   | Place    | Note
-------+----------+-------------------------------------------
     0 | D:1      | Ijustatesigmund the Hill Orc Fighter began the quest for the Orb.
     0 | D:1      | Reached XP level 1. HP: 19/19 MP: 1/1
    15 | D:1      | Reached skill level 3 in Axes
    79 | D:1      | Reached XP level 2. HP: 16/26 MP: 2/2
   209 | D:1      | Reached skill level 4 in Axes
   308 | D:1      | Reached XP level 3. HP: 29/31 MP: 3/3
   536 | D:1      | Reached skill level 5 in Axes
   802 | D:2      | Reached XP level 4. HP: 34/39 MP: 4/4
   888 | D:2      | Reached skill level 6 in Axes
  1007 | D:2      | Reached XP level 5. HP: 41/45 MP: 5/5
  1602 | D:3      | Reached skill level 7 in Axes
  1810 | D:3      | Noticed Natasha
  1819 | D:3      | Killed Natasha
  2007 | D:4      | Reached XP level 6. HP: 27/52 MP: 6/6
  2524 | D:3      | Noticed Natasha
  2532 | D:3      | Killed Natasha
  2621 | D:3      | Found a faded altar of an unknown god.
  2649 | D:3      | Gained mutation: You are clumsy. (Dex -2) [potion of mutation]
  2649 | D:3      | Gained mutation: You do not regenerate when monsters are visible. [potion of mutation]
  2649 | D:3      | Lost mutation: You do not regenerate when monsters are visible. [potion of mutation]
  2649 | D:3      | Gained mutation: You have sharp toenails. [potion of mutation]
  2650 | D:3      | Lost mutation: You are clumsy. (Dex -2) [potion of mutation]
  2650 | D:3      | Lost mutation: You have sharp toenails. [potion of mutation]
  2650 | D:3      | Gained mutation: Your spells are a little easier to cast, but a little less powerful. [potion of mutation]
  2650 | D:3      | Lost mutation: Your spells are a little easier to cast, but a little less powerful. [potion of mutation]
  2954 | D:3      | Reached skill level 5 in Fighting
  2960 | D:3      | Reached XP level 7. HP: 45/61 MP: 7/7
  2988 | D:3      | Reached skill level 8 in Axes
  3317 | D:3      | Reached skill level 5 in Armour
  3430 | D:3      | HP: 3/61 [ogre/giant spiked club (17)]
  3765 | D:3      | Noticed Natasha
  3777 | D:3      | Killed Natasha
  4311 | D:4      | Reached XP level 8. HP: 49/71 MP: 8/8
  4462 | D:4      | Found a staircase to the Ecumenical Temple.
  4468 | Temple   | Entered the Ecumenical Temple
  4592 | Temple   | Became a worshipper of Warmaster Okawaru
  4642 | D:5      | Entered Level 5 of the Dungeon
  4875 | D:4      | Reached skill level 9 in Axes
  4875 | D:4      | Reached skill level 1 in Invocations
  4878 | D:4      | Noticed a hippogriff
  4899 | D:4      | Killed a hippogriff
  5610 | D:5      | Found Datal's Antique Armour Boutique.
  5619 | D:5      | Bought a bloodstained scale mail for 162 gold pieces
  5631 | D:5      | Identified the cursed +0 scale mail of Sorcery {-Cast rElec rN+ Str+5} (You bought it in a shop on level 5 of the Dungeon)
  5770 | D:5      | Reached * piety under Okawaru
  6036 | D:5      | Noticed Blork the orc
  6473 | D:5      | Killed Blork the orc
  7026 | D:6      | Found Toitac's Distillery.
  7041 | D:6      | Bought a potion of heal wounds for 60 gold pieces
  7144 | D:6      | Noticed dainius's ghost (novice MiFi)
  7379 | D:7      | Reached skill level 5 in Invocations
  7384 | D:7      | Reached XP level 9. HP: 79/79 MP: 10/12
  7393 | D:6      | Killed dainius's ghost
  7393 | D:6      | Reached skill level 10 in Axes
  7416 | D:6      | Reached ** piety under Okawaru
  7438 | D:6      | Noticed Pikel
  7453 | D:6      | Killed Pikel
  7468 | D:6      | Gained mutation: You have a pair of small antennae on your head. [mutagenic meat]
  7469 | D:6      | Gained mutation: You are surrounded by a mild repulsion field. (EV +2) [mutagenic meat]
  7731 | D:6      | Found a blossoming altar of Fedhas.
  8189 | D:7      | Reached XP level 10. HP: 68/90 MP: 14/16
  9197 | D:8      | Found an opulent altar of Gozag.
  9232 | D:8      | Found a hazy altar of Hepliaklqana.
  9239 | D:8      | Found an ornate altar of the Wu Jian Council.
  9347 | D:8      | Reached *** piety under Okawaru
  9875 | D:9      | Found a glowing silver altar of Zin.
  9876 | D:9      | Noticed an angel
  9877 | D:9      | Found a shimmering altar of Xom.
  9890 | D:9      | Reached skill level 11 in Axes
  9893 | D:9      | Noticed Joseph
  9919 | D:9      | Killed Joseph
 10253 | D:9      | Found a staircase to the Lair.
 10415 | D:9      | Reached skill level 10 in Invocations
 10772 | D:9      | Reached skill level 1 in Dodging
 10952 | D:9      | Found a staircase to the Orcish Mines.
 10961 | D:9      | Reached **** piety under Okawaru
 11215 | D:10     | Entered Level 10 of the Dungeon
 11383 | D:10     | Noticed Snorg
 11392 | D:10     | Mangled by Snorg

Vault maps used:
D:1:      moated_graveyard_arrival
D:2:      hangedman_decor_push, minmay_three_crescents
D:3:      lemuel_castle_with_subvaults, first_bread,
          chequers_ecumenical_altar_simple_redux, lexackson_kobold_supper,
          uniq_natasha
D:4:      temple_statues
D:5:      serial_shops, shop, uniq_blork_the_orc
D:6:      old_standard_altar, serial_shops, shop_fountains, uniq_pikel
D:7:      serial_glass, glass_columns_a, glass_columns_b, feat_on_display,
          due_unseen_surprise, minmay_strange_pillars
D:8:      nicolae_gozag_seed_capital, grunt_temple_overflow_open
D:9:      grunt_temple_overflow_order_and_chaos_1, dpeg_oklobed_lair,
          minmay_orc_entry_guard_dogs, hangedman_little_slice_of_home,
          uniq_joseph
D:10:     hangedman_decor_points, lightli_wizard_tower, uniq_snorg, uniq_sonja,
          uniq_erica
Temple:   nicolae_temple_elliptical

Skill      XL: |  1  2  3  4  5  6  7  8  9 10 |
---------------+-------------------------------+-----
Axes           | 3 4 5 6 7 8 9 10 11 | 11.5
Fighting       | 4 5 6 7 8 9 |  9.5
Armour         | 4 5 6 7 8 |  8.3
Invocations    | 5 8 10 | 10.3
Dodging        | 1 |  1.6
Shields        | 4 |  4.2

Action                   |  1- 3 |  4- 6 |  7- 9 | 10-12 || total
-------------------------+-------+-------+-------+-------++-------
Melee: War axe           |    96 |   235 |   303 |    54 ||   688
       Broad axe         |       |       |       |   149 ||   149
Throw: Throwing net      |       |       |     2 |       ||     2
Invok: Heroism           |       |       |     3 |     1 ||     4
Evoke: Wand              |       |       |    12 |       ||    12
  Use: Scroll            |       |     7 |     7 |     8 ||    22
       Potion            |       |     3 |     4 |     1 ||     8
  Eat: Chunk             |       |     5 |    14 |     7 ||    26
       Royal jelly       |       |     1 |     1 |     1 ||     3
       Fruit             |       |       |     4 |       ||     4
Armor: Scale mail        |    42 |   107 |    98 |    56 ||   303
       Skin              |       |       |     3 |       ||     3
Dodge: Dodged            |    27 |    70 |    84 |    65 ||   246
Block: Shield            |    50 |   139 |   148 |   127 ||   464

Table legend:
 A = Spawn XP
 B = Non-spawn XP
 C = Spawn XP percentage of total XP
 D = Spawn monster count
 E = Non-spawn monster count
 F = Spawn count percentage of total count
 G = Total turns spent on level
                    A         B        C        D         E        F      G
               +---------+---------+-------+---------+---------+-------+---------
         Total |       0 |    8528 |   0.0 |       0 |     244 |   0.0 | 11392
               +---------+---------+-------+---------+---------+-------+---------
           D:1 |       0 |      69 |   0.0 |       0 |      37 |   0.0 |   795
           D:2 |       0 |     115 |   0.0 |       0 |      24 |   0.0 |   673
           D:3 |       0 |     836 |   0.0 |       0 |      73 |   0.0 |  1605
           D:4 |       0 |     624 |   0.0 |       0 |      14 |   0.0 |  2376
           D:5 |       0 |     339 |   0.0 |       0 |      11 |   0.0 |  1302
           D:6 |       0 |    2164 |   0.0 |       0 |      22 |   0.0 |   911
           D:7 |       0 |     987 |   0.0 |       0 |      17 |   0.0 |  1392
           D:8 |       0 |     452 |   0.0 |       0 |       7 |   0.0 |   603
           D:9 |       0 |    2817 |   0.0 |       0 |      37 |   0.0 |  1415
          D:10 |       0 |     125 |   0.0 |       0 |       2 |   0.0 |   177
               +---------+---------+-------+---------+---------+-------+---------
